 Dungeon Crawl Stone Soup version 0.18.1-48-g4cf74bf (webtiles) character file.

15 Iskender the Ruffian (level 2, 25/26 HPs)
             Began as a Ghoul Monk on Aug 30, 2016.
             Quit the game on level 1 of the Dungeon.
             The game lasted 00:01:56 (575 turns).

Iskender the Ruffian (Ghoul Monk)                    Turns: 575, Time: 00:01:56

Health: 25/26      AC:  2    Str: 14    XL:     2   Next: 50%
Magic:  1/1        EV: 12    Int:  5    God:
Gold:   13         SH:  0    Dex: 11    Spells: 0 memorised, 1 level left

rFire  . . .     SeeInvis .       - Unarmed
rCold  + . .     Gourm    .     a - +0 robe
rNeg   + + +     Faith    .     (no shield)
rPois  ∞         Spirit   .     (no helmet)
rElec  .         Dismiss  .     (no cloak)
rCorr  .         Reflect  .     (no gloves)
SustAt +         Harm     .     (no boots)
MR     .....                    (no amulet)
Stlth  ++........               (no ring)
                                f - ring of sustain attributes

@: rotting, not resistant to hostile enchantments, unstealthy
A: rotting body, claws 1, carnivore 3, cold resistance 1, negative energy
resistance 3, slow regeneration 1, torment resistance, unbreathing
a: no special abilities


You were on level 1 of the Dungeon.
You were not hungry.

You visited 1 branch of the dungeon, and saw 1 of its levels.

You collected 13 gold pieces.

Inventory:

Missiles
 c - 31 stones (quivered)
Armour
 a - a +0 robe (worn)
Jewellery
 f - a ring of sustain attributes (left claw)
Scrolls
 d - a scroll of immolation {unknown}
 e - a scroll of identify {unknown}
 g - 2 scrolls of remove curse {unknown}
 h - a scroll of enchant weapon {unknown}
 l - a scroll of random uselessness {unknown}
Potions
 i - a potion of lignification {unknown}
 m - a potion of berserk rage {unknown}
 n - a potion of degeneration {unknown}
Comestibles
 b - a meat ration
 j - a royal jelly


   Skills:
 - Level 3.2 Fighting
 - Level 2.6 Dodging
 - Level 2.1 Stealth
 + Level 5.1 Unarmed Combat


You had one spell level left.
You didn't know any spells.

Dungeon Overview and Level Annotations

Branches:
Dungeon (1/15)

Altars:


Innate Abilities, Weirdness & Mutations

Your body is rotting away.
You thrive on raw meat.
You are immune to poison.
You have sharp fingernails.
You are carnivorous and can eat meat at any time.
Your flesh is cold resistant.
You are immune to negative energy.
You regenerate slowly when monsters are visible.
You are immune to unholy pain and torment.
You can survive without breathing.


Message History

You claw the dart slug!
You kill the dart slug!
You see here a dart slug corpse.
You butcher the dart slug corpse.
k - 2 chunks of flesh (gained 1) Eat one of 2 chunks of flesh? (ye/n/q/i?) This raw flesh tastes great!
You continue eating. x2
Eat a chunk of flesh? (ye/n/q/i?) This raw flesh tastes great!
You continue eating. x2
A kobold comes into view.
You barely miss the kobold. The kobold hits you.
You closely miss the kobold. The kobold barely misses you.
You closely miss the kobold. Your claw misses the kobold.
The kobold hits you but does no damage.
You barely miss the kobold. The kobold barely misses you.
You scratch the kobold.
You kill the kobold!
Are you sure you want to abandon this character and quit the game? (Confirm with "yes".)

#.............
#.#.######.#..
####.#.#####.###.
#...........## ##
###.#####......###.
...# #.####..#.# ..#
#.####.#.## #.###.#
#........##
#...@.#####.####.###.
#####.......# #.# #.
######### #.# #.
#.#### #..... ######


There were no monsters in sight!

Vanquished Creatures
  An adder zombie (D:1)
  A dart slug (D:1)
  2 giant cockroaches (D:1)
  A goblin (D:1)
  A jackal zombie (D:1)
  2 kobolds (D:1)
  3 rats (D:1)
11 creatures vanquished.

Notes
Turn   | Place    | Note
--------------------------------------------------------------
     0 | D:1      | Iskender the Ghoul Monk began the quest for the Orb.
     0 | D:1      | Reached XP level 1. HP: 19/19 MP: 0/0
   219 | D:1      | Reached XP level 2. HP: 26/26 MP: 1/1
   481 | D:1      | Reached skill level 5 in Unarmed Combat
   575 | D:1      | Quit the game

Skill      XL: |  1  2 |
---------------+-------+-----
Unarmed Combat | 5 |  5.1
Fighting       | |  3.2
Dodging        | |  2.6
Stealth        | |  2.1

Action                   || total
-------------------------++-------
Melee: Unarmed           ||    32
       Punch             ||     1
  Eat: Chunk             ||     3
Armor: Robe              ||     3
Dodge: Dodged            ||    13
